 Dungeon Crawl Stone Soup version bcrawl-1.12-10-g10a67aac0f (webtiles) character file.

Game seed: 709499814193914353

118 Banto the Magician (level 5, -2/41 HPs)
             Began as an Oni Fire Elementalist on June 17, 2019.
             Killed by divine providence
             ... invoked by an orc priest
              (11 damage)
             ... on level 3 of the Dungeon.
             The game lasted 00:03:05 (2373 turns).

Banto the Magician (Oni Fire Elementalist)          Turns: 2373, Time: 00:03:05

Health: -2/41      AC:  2    Str: 11    XL:     5   Next: 2%
Magic:  11/11      EV: 12    Int: 17    God:
Gold:   69         SH:  0    Dex: 12    Spells: 4/9 levels left

rFire    . . .     SeeInvis .   d - +0 mace
rCold    . . .     Gourm    .   (no shield)
rNeg     . . .     Faith    .   a - +0 animal skin
rPois    .         Spirit   .   (helmet restricted)
rElec    .         Reflect  .   (no cloak)
rCorr    .         Harm     .   (no gloves)
MR       .....                  (no boots)
Stlth    +.........             (no amulet)
HPRegen  0.13/turn              i - ring of attention (curse)
MPRegen  0.12/turn              (no ring)

@: no status effects
A: oni magic, claws 1, fangs 1, horns 1
a: no special abilities


You were on level 3 of the Dungeon.
You were not hungry.

You visited 1 branch of the dungeon, and saw 3 of its levels.

You collected 69 gold pieces.

Inventory:

Hand Weapons
 d - a +0 mace (weapon)
Armour
 a - a +0 animal skin (worn)
Jewellery
 i - a cursed ring of attention (left claw)
Wands
 m - a wand of iceblast (6)
Scrolls
 b - 3 scrolls of teleportation
Potions
 e - 5 potions of curing
 f - a potion of invisibility {unknown}
 g - a potion of heal wounds {unknown}
 j - a potion of mutation {unknown}
 k - a potion of flight {unknown}
Comestibles
 c - 4 rations {!d}
 h - 3 chunks of flesh


   Skills:
 + Level 2.3 Fighting
 - Level 1.7 Dodging
 - Level 1.7 Stealth
 * Level 2.9 Spellcasting


You had 4 spell levels left.
You knew the following spells:

 Your Spells              Type           Power        Failure   Level  Hunger
a - Flame Tongue          Conj/Fire      ##...        5%          1    None
b - Animate Skeleton      Necr           N/A          4%          1    None
c - Conjure Flame         Conj/Fire      ##......     16%         3    ###....

Your spell library contained the following spells:

 Spells                   Type           Power        Failure   Level  Hunger
 Ensorcelled Hibernation  Hex/Ice        ##....       8%          2    ##.....
 Inner Flame              Hex/Fire       N/A          16%         3    ###....
 Sticky Flame             Conj/Fire      ##......     45%         4    ####...
 Fireball                 Conj/Fire      ##........   82%         5    ######.


Dungeon Overview and Level Annotations

Branches:
Dungeon (3/12)

Altars:
Lugonu
Qazlal
Ru


Innate Abilities, Weirdness & Mutations

You learn spells by gaining experience, not through books or religion.
You only train spellcasting to practice magic.
You have sharp fingernails.
You have very sharp teeth.
You have a pair of small horns on your head.


Message History

You are very lightly contaminated with residual magic.
Nothing appears to happen.
The orc hits you.
* * * LOW HITPOINT WARNING * * *
The orc priest calls down the wrath of Beogh upon you.
Beogh smites you!
* * * LOW HITPOINT WARNING * * *
Casting: Flame Tongue (safe; 5% risk of failure)
Confirm with . or Enter, or press ? or * to list all spells.
Aiming: Flame Tongue (safe; 5% risk of failure)
Press: ? - help, Shift-Dir - straight line, f/p - orc
Aim: an orc, wearing a +0 leather armour
Okay, then.
The orc closely misses you.
Your magical contamination has completely faded away.
Things that are here:
a +0 dagger; a kobold corpse
There is an escape hatch in the ceiling here.
The orc priest calls down the wrath of Beogh upon you.
Beogh smites you!
You die...

,,**** *...................# #.
*********...........o#.#########.
* *,,,,,............'........##.
* *,,,,,............##.#####.#..
****,,,,,............####***#####
,,,,,,,,,............#*,,,,,,,,,,
***,,,,,,............#*,,*,,,*,,,
,,*,,,,,,.......o....#*_,,,,,,,,,
*,*,*****.###+##@#####*,,*,,,*,,,
*,*,* ###+###.##.# *,,,,,,,,,,
*,*,**#.......##.# ***********
*,*,*,+.......##.# *,,*,*,*
*,*,*,#.......##.#########*,*,*,*
*,*,*,+.......#...........,<*,*,*
*,*,**#......###.........#*,*,*,*
*>*,,,+......'.'.........+,,,,*,*
*,****#......###.........#*+***+*


You could see an orc priest and an orc.

Vanquished Creatures
  4 gnolls (D:2)
  2 adders (D:3)
  3 dart slugs
  2 leopard geckos (D:2)
  3 ball pythons
  4 bats
  3 giant cockroaches
  7 goblins
  9 hobgoblins
  6 kobolds
  3 quokkas
  2 frilled lizards (D:1)
  2 rats (D:1)
50 creatures vanquished.

Notes
Turn   | Place    | Note
-------+----------+-------------------------------------------
     0 | D:1      | Banto the Oni Fire Elementalist began the quest for the
                  | Orb.
     0 | D:1      | Reached XP level 1. HP: 14/14 MP: 4/4
   211 | D:1      | Reached XP level 2. HP: 22/22 MP: 3/6
   233 | D:1      | Learned a level 1 spell: Animate Skeleton
   445 | D:1      | Reached skill level 1 in Fighting
   863 | D:1      | Reached XP level 3. HP: 23/28 MP: 6/8
   890 | D:2      | Found a corrupted altar of Lugonu.
  1162 | D:2      | Learned a level 3 spell: Conjure Flame
  1209 | D:2      | Found a stormy altar of Qazlal.
  1211 | D:2      | Noticed an air elemental
  1212 | D:2      | Noticed a water elemental
  1212 | D:2      | Noticed an earth elemental
  1212 | D:2      | Noticed a fire elemental
  1236 | D:2      | Found a sacrificial altar of Ru.
  1665 | D:2      | Reached XP level 4. HP: 36/36 MP: 0/9
  2154 | D:3      | Reached XP level 5. HP: 36/41 MP: 11/11
  2315 | D:3      | HP: 1/41 [orc priest/divine providence (11)]
  2373 | D:3      | Killed from afar by an orc priest

Skill      XL: |  1  2  3  4 |
---------------+-------------+-----
Fighting       | 1 2 |  2.3
Spellcasting   | 2 |  2.9
Dodging        | |  1.7
Stealth        | |  1.7

Action                   |  1- 3 |  4- 6 || total
-------------------------+-------+-------++-------
Melee: Mace              |    26 |    18 ||    44
       Unarmed           |     4 |       ||     4
       Bite              |     4 |       ||     4
       Headbutt          |     3 |       ||     3
 Cast: Flame Tongue      |    53 |    27 ||    80
       Animate Skeleton  |     3 |       ||     3
       Conjure Flame     |     1 |     2 ||     3
  Use: Scroll            |       |     5 ||     5
  Eat: Chunk             |     3 |     3 ||     6
Armor: Animal skin       |    11 |     1 ||    12
Dodge: Dodged            |    56 |    23 ||    79
